 Dungeon Crawl Stone Soup version 0.31.0-32-g396128a36d (webtiles) character file.

Game seed: 14156076136899326030

601 Peloso the Slasher (level 7, -2/61 HPs)
             Began as a Minotaur Fighter on Apr 16, 2024.
             Slain by Pikel
             ... wielding a +2 whip of electrocution
              (19 damage)
             ... on level 4 of the Dungeon.
             The game lasted 00:06:55 (4351 turns).

Peloso the Slasher (Minotaur Fighter)               Turns: 4351, Time: 00:06:56

Health: -2/61      AC: 14    Str: 20    XL:     7   Next: 18%
Magic:  6/6        EV: 11    Int:  5    God:
Gold:   240        SH:  5    Dex: 12    Spells: 6/6 levels left

rFire   . . .        a - +0 long sword
rCold   . . .        d - +0 buckler
rNeg    . . .        c - +0 plate armour
rPois   .            (helmet restricted)
rElec   .            x - +1 cloak
rCorr   .            (no gloves)
SInv    .            (no boots)
Will    .....        (no amulet) Stlth
                     e - ring of flight
HPRegen 0.30/turn    g - +5 ring of evasion
MPRegen 0.10/turn

%: no passive effects
@: flying, hasted, very quick
A: horns 2, retaliatory headbutt
a: no special abilities


You were on level 4 of the Dungeon.
You visited 1 branch of the dungeon, and saw 5 of its levels.

You collected 240 gold pieces.

Inventory:

Hand Weapons
 a - a +0 long sword (weapon)
Armour
 b - a +0 scale mail
 c - a +0 plate armour (worn)
 d - a +0 buckler (worn)
 x - a +1 cloak (worn)
Jewellery
 e - a ring of flight (left hand)
 g - a +5 ring of evasion (right hand)
 p - a ring of resist corrosion
 A - a ring of poison resistance
Talismans
 r - a blade talisman
Wands
 v - a wand of flame (27)
 w - a wand of charming (5)
Scrolls
 f - 2 scrolls of revelation {unknown}
 h - a scroll of identify
 i - a scroll of vulnerability {unknown}
 j - a scroll of teleportation {unknown}
 m - a scroll of acquirement {unknown}
 n - a scroll of fear {unknown}
 s - a scroll of noise {unknown}
 t - a scroll of immolation {unknown}
 y - a scroll of blinking {unknown}
Potions
 k - 5 potions of curing
 l - a potion of brilliance
 o - a potion of might
 q - a potion of invisibility
 u - a potion of ambrosia


   Skills:
 + Level 5.0 Fighting
 + Level 6.6 Long Blades
 + Level 5.7 Armour
 + Level 1.5 Dodging
 + Level 0.4 Stealth
 + Level 4.8 Shields


You had 6 spell levels left.
You didn't know any spells.
Your spell library contained the following spells:

 Spells                   Type           Power      Damage    Failure   Level
 Foxfire                  Conj/Fire      0%         2x1d4     100%        1
 Cigotuvi's Dreadful Rot  Necr/Alch/Air  0%         N/A       100%        2
 Dispel Undead            Necr           0%         3d6       100%        4
 Martyr's Knell           Necr/Summ      0%         N/A       100%        4
 Death Channel            Necr           0%         N/A       100%        6
 Plasma Beam              Fire/Air       0%         2x1d10    100%        6
 Starburst                Conj/Fire      0%         6d3       100%        6


Dungeon Overview and Level Annotations

Branches:
Dungeon (5/15)
 Temple: D:4-7

Altars:
Uskayaw

Shops:
D:2 *   D:3 ?   D:4 [

Annotations:
D:4 Pikel


Innate Abilities, Weirdness & Mutations

You have a pair of horns on your head.
You reflexively headbutt those who attack you in melee.


Message History

There is a stone staircase leading down here.
You have 240 gold pieces.
Unknown command.
You fly downwards.
Level annotation: Pikel Pikel zaps a wand.
The roots erupt in riotous growth!
The grasping roots grab you!
Pikel is unaffected.
The grasping roots constrict you.
A lemure comes into view.
There is a stone staircase leading up here.
You escape the roots grasp.
Pikel hits you with a +2 whip of electrocution.
You fly upwards.
There is a stone staircase leading down here.
Unknown command.
You hit Pikel. You headbutt Pikel.
Pikel is lightly wounded.
Pikel hits you with a +2 whip of electrocution.
You are electrocuted!
You closely miss Pikel. You headbutt Pikel!
Pikel is heavily wounded.
Pikel zaps a wand.
The roots erupt in riotous growth!
The grasping roots grab you!
Pikel is unaffected.
The grasping roots constrict you.
You hit Pikel. Your headbutt misses Pikel.
Pikel is heavily wounded.
Pikel hits you but does no damage.
You are electrocuted!!
* * * LOW HITPOINT WARNING * * *
The grasping roots constrict you.
* * * LOW HITPOINT WARNING * * *
The grasping roots release their grip on you.
You feel yourself speed up.
Pikel hits you with a +2 whip of electrocution.
* * * LOW HITPOINT WARNING * * *
You feel better.
Pikel hits you with a +2 whip of electrocution.
* * * LOW HITPOINT WARNING * * *
You are electrocuted!!
You die...
Pikel says, "See you in Hell!"

..##..##....## ##.## ##.........#
#....##...#..###..# ##.....###.
###..#..####.....## ##.....# ##
##...).## #......## ##.###..# ##
....).## #.......###.## ##.###.
.......#####...........# #.....
....###..#.........##..# ##....
##..# ###.......K......## #...##
....# #.......@.......# ##...##
...## #.....###.......###....##
...## ##.....##.....##.........#
....####............###..........
......##............##..##.......
....................#...###......
...#..#####..........##..###.....
...##.# #.....##..####..##..#..
..##..# ##.....###.## ##..#.####


You could see Pikel.

Vanquished Creatures
  A lemure (D:4)
  A kobold brigand (D:4)
  3 scorpions
  A bombardier beetle (D:3)
  2 hounds (D:4)
  An orc priest (D:4)
  An iguana (D:4)
  3 orc wizards (D:4)
  3 adders
  2 ufetubi (D:4)
  A dart slug (D:2)
  2 ribbon worms (D:2)
  14 orcs
  8 ball pythons
  6 bats
  6 endoplasms
  A giant cockroach (D:2)
  5 goblins
  13 hobgoblins
  5 kobolds
  2 quokkas
  4 frilled lizards
  5 rats
90 creatures vanquished.

Notes
Turn   | Place    | Note
-------+----------+-------------------------------------------
     0 | D:1      | Peloso the Minotaur Fighter began the quest for the Orb.
     0 | D:1      | Reached XP level 1. HP: 19/19 MP: 0/0
   318 | D:1      | Reached XP level 2. HP: 27/27 MP: 1/1
   903 | D:2      | Found a hide-covered altar of Uskayaw.
   951 | D:2      | Reached XP level 3. HP: 33/33 MP: 2/2
  1166 | D:2      | Reached skill level 3 in Long Blades
  1304 | D:2      | Found Coduaca's General Store.
  1810 | D:3      | Noticed a scorpion
  1810 | D:3      | Found Ugaos's Magic Scroll Emporium.
  1824 | D:2      | Killed a scorpion
  1825 | D:2      | Reached skill level 1 in Dodging
  1825 | D:2      | Reached XP level 4. HP: 24/40 MP: 3/3
  2315 | D:3      | Reached skill level 4 in Long Blades
  2315 | D:3      | Reached XP level 5. HP: 40/46 MP: 4/4
  2648 | D:4      | Reached skill level 5 in Armour
  2693 | D:4      | Reached skill level 5 in Long Blades
  2693 | D:4      | Reached XP level 6. HP: 11/53 MP: 5/5
  2951 | D:4      | Reached skill level 6 in Long Blades
  3225 | D:4      | Reached XP level 7. HP: 42/60 MP: 6/6
  3416 | D:4      | Reached skill level 5 in Fighting
  3643 | D:4      | Found Xomeenih's Antique Armour Shop.
  4203 | D:5      | Entered Level 5 of the Dungeon
  4203 | D:5      | Noticed Pikel
  4351 | D:4      | Slain by Pikel

Illustrated notes

Levels and vault maps discovered:
D:1:      hellmonk_arrival_library, layout_basic, minmay_stone_trees_small
D:2:      cheibrodos_old_hovel, layout_basic, basic_altar, serial_shops,
          nicolae_shop_statue_plus
D:3:      layout_rooms, serial_shops, shop
D:4:      layout_layer_cave, serial_shops, shop
D:5:      layout_loops_ring, serial_shops, shop, uniq_sigmund, uniq_pikel

Skill      XL: |  1  2  3  4  5  6  7 |
---------------+----------------------+-----
Shields        | 4 |  4.8
Armour         | 4 5 |  5.7
Long Blades    | 3 4 5 6 |  6.6
Fighting       | 4 5 |  5.0
Dodging        | 1 |  1.5
Stealth        | |  0.4

Action                     |  1- 3 |  4- 6 |  7- 9 || total
---------------------------+-------+-------+-------++-------
  Melee: Long sword        |    84 |   104 |    25 ||   213
         Headbutt          |    13 |    16 |     5 ||    34
    Use: Scroll            |       |     5 |     1 ||     6
         Potion            |       |     2 |     2 ||     4
 Armour: Scale mail        |    34 |       |       ||    34
         Plate armour      |    12 |    80 |     8 ||   100
  Dodge: Dodged            |    86 |    63 |     9 ||   158
  Block: Buckler           |    25 |    26 |     9 ||    60
